Gangsters vs Blackdemons
Created - 17 mars 2015 at 19:12
Goals
|
Gangsters |
1 |
1 |
0 |
2 |
Blackdemons |
1 |
1 |
2 |
4 |
|
Shots
|
Gangsters |
17 |
5 |
14 |
36 |
Blackdemons |
5 |
19 |
10 |
34 |
|
1st period
1. Blackdemons , Sam Gagner 26 (Barry Tallackson, Zach Boychuk) at 8:48
2. Gangsters , Chris Bourque 30 (Alexandre Bolduc) at 16:18
Penalties :
Brendon Nash (MJM) for High sticking (Minor) at 0:42, Dave Dziurzynski (Bro) for Roughing (Double Minor) at 10:35
2nd period
3. Gangsters , Nick Foligno 19 (Chris Bourque, Matt Delahey) at 2:08
4. Blackdemons , Barry Tallackson 33 (Sam Gagner) at 5:10
Penalties :
Ryan Keller (Bro) for Roughing (Minor) at 5:32, Chris Bourque (Bro) for Roughing (Minor) at 17:48
3rd period
5. Blackdemons , Barry Tallackson 34 (Michael Kostka, Brendon Nash) at 10:21
6. Blackdemons , Zach Boychuk 24 (Matt Irwin) at 12:10 (PP)
Penalties :
Matt Calvert (MJM) for Hooking (Minor) at 3:37, Colten Teubert (Bro) for Hooking (Minor) at 11:39, Zach Boychuk (MJM) for Hooking (Minor) at 18:40
Goalie Stats
David LeNeveu (Bro), 30 saves from 34 shots - (0,882), L, 21-17-9, 60:00 minutes
Martin Biron (MJM), 34 saves from 36 shots - (0,944), W, 43-15-4, 60:00 minutes
Players Stats for Gangsters
Player Name G A P +/- PIM S H SB GA TA FO MP PP MP PK MP
------------------------------------------------------------------------------------
Alexandre Bolduc 0 1 1 -1 0 2 0 0 0 0 19/38 21:13 2:50 2:46
Artem Anisimov 0 0 0 0 0 1 1 0 1 0 5/11 15:27 2:26 0:00
Ben Holmstrom 0 0 0 0 0 0 0 0 0 0 0/0 0:00 0:00 0:00
Brett Ponich 0 0 0 0 0 0 0 0 0 0 0/0 2:13 0:00 0:00
Brock Bradford 0 0 0 0 0 3 0 0 0 0 3/5 12:01 0:00 2:08
Bryan Young 0 0 0 -1 0 2 0 4 0 2 0/0 25:43 2:52 5:01
Chris Bourque 1 1 2 -1 2 6 2 0 2 0 5/9 22:40 2:50 3:59
Colten Teubert 0 0 0 0 2 2 1 0 0 4 0/0 21:08 2:25 2:56
Curtis McKenzie 0 0 0 0 0 0 0 0 0 0 0/0 1:51 0:00 1:51
Dave Dziurzynski 0 0 0 0 4 0 2 0 0 0 0/0 10:07 0:00 0:00
Gabriel Dumont 0 0 0 0 0 0 0 0 0 0 0/0 0:28 0:00 0:28
Gustav Nyquist 0 0 0 0 0 3 0 0 0 1 0/0 10:14 0:01 0:00
Luke Gazdic 0 0 0 0 0 0 0 0 0 0 1/1 7:09 0:00 0:00
Matt Delahey 0 1 1 0 0 0 0 0 0 0 0/0 10:56 0:00 0:00
Maxime Sauvé 0 0 0 0 0 1 0 0 0 0 1/1 7:09 0:00 0:00
Michael Sdao 0 0 0 0 0 1 0 0 0 0 0/0 11:27 0:00 0:31
Mikko Lehtonen 0 0 0 0 0 1 0 0 0 1 0/0 7:30 0:01 0:00
Nathan Moon 0 0 0 0 0 0 0 0 0 0 0/0 0:00 0:00 0:00
Nick Foligno 1 0 1 0 0 6 3 0 0 1 1/1 17:26 2:26 1:59
Phil McRae 0 0 0 0 0 0 0 0 0 0 0/0 0:00 0:00 0:00
Richard Panik 0 0 0 0 0 0 0 0 0 0 0/0 0:21 0:01 0:00
Ryan Jones 0 0 0 0 0 0 1 1 1 2 0/0 15:27 2:26 0:00
Ryan Keller 0 0 0 -1 2 5 1 3 0 0 4/5 22:26 2:50 3:45
Shaun Heska 0 0 0 0 0 1 1 4 0 0 0/0 21:40 2:25 3:27
Ville Koistinen 0 0 0 -1 0 2 1 2 1 2 0/0 26:52 2:52 5:01
Players Stats for Blackdemons
Player Name G A P +/- PIM S H SB GA TA FO MP PP MP PK MP
------------------------------------------------------------------------------------
Alyn McCauley 0 0 0 0 0 0 1 0 0 0 1/1 11:41 0:20 1:08
Barry Tallackson 2 1 3 2 0 10 2 0 1 0 2/3 21:43 4:38 0:38
Brendon Nash 0 1 1 0 2 2 2 4 1 0 0/0 22:56 3:06 1:54
Calvin de Haan 0 0 0 0 0 0 1 0 0 0 0/0 10:58 0:00 0:24
Francois Bouchard 0 0 0 0 0 0 0 0 0 0 0/0 7:37 0:08 0:00
Jakub Kindl 0 0 0 0 0 0 1 1 0 0 0/0 12:50 0:00 2:16
Luca Caputi 0 0 0 0 0 0 0 0 0 1 0/0 7:32 0:00 0:14
Mathieu Dandenault 0 0 0 -1 0 3 2 0 1 0 0/3 15:57 0:40 2:52
Matt Calvert 0 0 0 0 2 1 1 0 0 0 0/0 13:35 3:30 0:00
Matt Hunwick 0 0 0 1 0 1 1 1 4 1 0/0 23:54 3:06 2:58
Matt Irwin 0 1 1 1 0 4 0 0 3 0 0/0 24:09 5:22 1:03
Michael Haley 0 0 0 -1 0 0 2 1 0 1 0/0 18:10 4:28 1:30
Michael Kostka 0 1 1 0 0 0 3 0 0 0 0/0 25:12 5:22 1:59
Sam Gagner 1 1 2 2 0 5 2 0 1 0 19/40 21:05 4:38 0:00
Shawn Matthias 0 0 0 -1 0 2 1 0 0 1 5/12 17:04 3:30 1:16
Steven Zalewski 0 0 0 0 0 0 0 0 1 0 1/3 7:17 0:00 0:00
Wayne Primeau 0 0 0 0 0 3 1 0 0 1 3/7 12:55 0:00 2:56
Zach Boychuk 1 1 2 2 2 3 0 0 1 0 1/2 20:05 3:32 0:00
3 Stars
1 - Barry Tallackson (MJM)
2 - Sam Gagner (MJM)
3 - Zach Boychuk (MJM)
Power Play
Gangsters - 0 on 3 Attempt(s) - 0,00%
Blackdemons - 1 on 5 Attempt(s) - 20,00%
Penalty Kill
Gangsters - 4 on 5 Attempt(s) - 80,00%
- Score 0 goal in Penalty Kill
Blackdemons - 3 on 3 Attempt(s) - 100,00%
- Score 0 goal in Penalty Kill
Team Stat
Gangsters - Hits : 13 - Faceoff Wins : 39 - Blocked Shots : 14 - Penalty Minutes : 10
Blackdemons - Hits : 20 - Faceoff Wins : 32 - Blocked Shots : 7 - Penalty Minutes : 6
Official
Referees : Sutherland Kelly and Banfield David
Linesman : Mike Cvik and Brad Lazarowich
Game Notes
No Game Note
Finance
Level 1 -- Attendance: 1465 (73,25%) -- Ticket Income 43 950 $
Level 2 -- Attendance: 698 (69,80%) -- Ticket Income 6 980 $
Total Attendance: 2163 (72,10%)
Total Ticket Income: 50 930 $
Other Income: 2 546 $
Total Income: 53 476 $
Gangsters
5 vs 5 Forward
Center Left Wing Right Wing Time % Phy DF OF
1 Alexandre Bolduc Chris Bourque Ryan Keller 40 1 2 2
2 Artem Anisimov Nick Foligno Ryan Jones 30 1 2 2
3 Brock Bradford Dave Dziurzynski Gustav Nyquist 20 1 2 2
4 Maxime Sauvé Luke Gazdic Mikko Lehtonen 10 1 2 2
5 vs 5 Defense
Defense Defense Time % Phy DF OF
1 Ville Koistinen Bryan Young 40 1 2 2
2 Shaun Heska Colten Teubert 30 1 2 2
3 Matt Delahey Michael Sdao 20 1 2 2
4 Brett Ponich Ville Koistinen 10 1 2 2
PowerPlay Forward
Center Left Wing Right Wing Time % Phy DF OF
1 Alexandre Bolduc Chris Bourque Ryan Keller 60 1 2 2
2 Artem Anisimov Nick Foligno Ryan Jones 40 1 2 2
PowerPlay Defense
Defense Defense Time % Phy DF OF
1 Ville Koistinen Bryan Young 60 1 2 2
2 Shaun Heska Colten Teubert 40 1 2 2
Penalty Kill 4 Players Forward
Center Wing Time % Phy DF OF
1 Chris Bourque Ryan Keller 60 1 2 2
2 Nick Foligno Alexandre Bolduc 40 1 2 2
Penalty Kill 4 Players Defense
Defense Defense Time % Phy DF OF
1 Ville Koistinen Bryan Young 60 1 2 2
2 Shaun Heska Colten Teubert 40 1 2 2
Penalty Kill - 3 Players Forward
Forward Time % Phy DF OF
1 Chris Bourque 60 1 2 2
2 Ryan Keller 40 1 2 2
Penalty Kill - 3 Players Defense
Defense Defense Time % Phy DF OF
1 Ville Koistinen Bryan Young 60 1 2 2
2 Shaun Heska Colten Teubert 40 1 2 2
4 vs 4 Forward
Center Wing Time % Phy DF OF
1 Chris Bourque Ryan Keller 60 1 2 2
2 Nick Foligno Alexandre Bolduc 40 1 2 2
4 vs 4 Defense
Defense Defense Time % Phy DF OF
1 Ville Koistinen Bryan Young 60 1 2 2
2 Shaun Heska Colten Teubert 40 1 2 2
Last Minutes Offensive
Center Left Wing Right Wing Defense Defense
Alexandre Bolduc Chris Bourque Ryan Keller Ville Koistinen Bryan Young
Last Minutes Defensive
Center Left Wing Right Wing Defense Defense
Alexandre Bolduc Chris Bourque Ryan Keller Ville Koistinen Bryan Young
Goaltenders
Starting : David LeNeveu
Backup : Dustin Tokarski
Extra Forwards
Normal : Gustav Nyquist, Mikko Lehtonen, Brock Bradford - PP : Gustav Nyquist, Mikko Lehtonen - PK : Brock Bradford
Extra Defensemen
Normal : Matt Delahey, Michael Sdao, Brett Ponich - PP : Matt Delahey - PK : Michael Sdao, Brett Ponich
Penalty Shots
Chris Bourque, Ryan Keller, Nick Foligno, Alexandre Bolduc, Ryan Jones
Blackdemons
5 vs 5 Forward
Center Left Wing Right Wing Time % Phy DF OF
1 Sam Gagner Zach Boychuk Barry Tallackson 40 1 2 2
2 Shawn Matthias Michael Haley Mathieu Dandenault 30 2 2 1
3 Wayne Primeau Matt Calvert Alyn McCauley 20 1 3 1
4 Steven Zalewski Luca Caputi Francois Bouchard 10 1 4 0
5 vs 5 Defense
Defense Defense Time % Phy DF OF
1 Michael Kostka Brendon Nash 40 1 3 1
2 Matt Hunwick Matt Irwin 40 1 3 1
3 Jakub Kindl Calvin de Haan 15 1 3 1
4 Jakub Kindl Calvin de Haan 5 1 3 1
PowerPlay Forward
Center Left Wing Right Wing Time % Phy DF OF
1 Sam Gagner Michael Haley Barry Tallackson 70 2 0 3
2 Shawn Matthias Zach Boychuk Matt Calvert 30 1 1 3
PowerPlay Defense
Defense Defense Time % Phy DF OF
1 Michael Kostka Matt Irwin 60 1 2 2
2 Matt Hunwick Brendon Nash 40 1 2 2
Penalty Kill 4 Players Forward
Center Wing Time % Phy DF OF
1 Wayne Primeau Mathieu Dandenault 70 1 4 0
2 Alyn McCauley Barry Tallackson 30 1 4 0
Penalty Kill 4 Players Defense
Defense Defense Time % Phy DF OF
1 Matt Hunwick Brendon Nash 60 1 2 2
2 Michael Kostka Jakub Kindl 40 1 2 2
Penalty Kill - 3 Players Forward
Forward Time % Phy DF OF
1 Wayne Primeau 60 0 5 0
2 Alyn McCauley 40 0 5 0
Penalty Kill - 3 Players Defense
Defense Defense Time % Phy DF OF
1 Matt Hunwick Brendon Nash 60 1 2 2
2 Michael Kostka Jakub Kindl 40 1 2 2
4 vs 4 Forward
Center Wing Time % Phy DF OF
1 Wayne Primeau Barry Tallackson 60 1 3 1
2 Alyn McCauley Mathieu Dandenault 40 1 3 1
4 vs 4 Defense
Defense Defense Time % Phy DF OF
1 Michael Kostka Matt Irwin 60 1 3 1
2 Jakub Kindl Brendon Nash 40 1 3 1
Last Minutes Offensive
Center Left Wing Right Wing Defense Defense
Sam Gagner Shawn Matthias Barry Tallackson Michael Kostka Matt Irwin
Last Minutes Defensive
Center Left Wing Right Wing Defense Defense
Wayne Primeau Alyn McCauley Mathieu Dandenault Matt Hunwick Brendon Nash
Goaltenders
Starting : Martin Biron
Backup : Matt Hackett
Extra Forwards
Normal : Zach Boychuk, Michael Haley, Matt Calvert - PP : Mathieu Dandenault, Alyn McCauley - PK : Shawn Matthias
Extra Defensemen
Normal : Brendon Nash, Michael Kostka, Matt Irwin - PP : Jakub Kindl - PK : Matt Irwin, Calvin de Haan
Penalty Shots
Barry Tallackson, Wayne Primeau, Shawn Matthias, Alyn McCauley, Matt Calvert
% Time on Ice - Gangsters
Lines # - Real PCT - Wanted PCT - Time Play
Normal Forward
1 - 35% - 40% - 16:12
2 - 28% - 30% - 13:01
3 - 21% - 20% - 9:53
4 - 15% - 10% - 7:09
Normal Defense
1 - 39% - 40% - 17:50
2 - 34% - 30% - 15:48
3 - 24% - 20% - 10:56
4 - 4% - 10% - 1:41
PP Forward
1 - 54% - 60% - 2:51
2 - 46% - 40% - 2:26
PP Defense
1 - 54% - 60% - 2:52
2 - 46% - 40% - 2:25
PK Forward
1 - 83% - 60% - 7:01
2 - 17% - 40% - 1:27
PK Defense
1 - 59% - 60% - 5:01
2 - 41% - 40% - 3:27
PK3 Forward
1 - 0% - 60%
2 - 0% - 40%
PK3 Defense
1 - 0% - 60%
2 - 0% - 40%
44 Forward
1 - 0% - 60%
2 - 0% - 40%
44 Defense
1 - 0% - 60%
2 - 0% - 40%
Last Minute Offensive - 0:00
Last Minute Defensive - 0:00
Total
Forward - 60:00
Defense - 60:00
|
% Time on Ice - Blackdemons
Lines # - Real PCT - Wanted PCT - Time Play
Normal Forward
1 - 36% - 40% - 16:40
2 - 27% - 30% - 12:19
3 - 22% - 20% - 9:59
4 - 16% - 10% - 7:17
Normal Defense
1 - 39% - 40% - 17:52
2 - 39% - 40% - 17:49
3 - 18% - 15% - 8:18
4 - 5% - 5% - 2:16
PP Forward
1 - 58% - 70% - 4:56
2 - 42% - 30% - 3:32
PP Defense
1 - 63% - 60% - 5:22
2 - 37% - 40% - 3:06
PK Forward
1 - 88% - 70% - 4:39
2 - 12% - 30% - 0:38
PK Defense
1 - 62% - 60% - 3:18
2 - 38% - 40% - 1:59
PK3 Forward
1 - 0% - 60%
2 - 0% - 40%
PK3 Defense
1 - 0% - 60%
2 - 0% - 40%
44 Forward
1 - 0% - 60%
2 - 0% - 40%
44 Defense
1 - 0% - 60%
2 - 0% - 40%
Last Minute Offensive - 0:00
Last Minute Defensive - 0:00
Total
Forward - 60:00
Defense - 60:00
|
Play by Play
1st period
0:01 of 1st period - Sam Gagner wins face-off versus Alexandre Bolduc in neutral zone.
0:10 of 1st period - Snap shot by Chris Bourque.
0:10 of 1st period - Stopped by Martin Biron with a rebound.
0:12 of 1st period - Snap shot by Bryan Young.
0:12 of 1st period - Stopped by Martin Biron with a rebound.
0:36 of 1st period - Wrist shot by Ryan Jones.
0:36 of 1st period - Shot Blocked by Brendon Nash.
0:42 of 1st period - Minor Penalty to Brendon Nash for High sticking.
0:43 of 1st period - Wayne Primeau wins face-off versus Alexandre Bolduc in Blackdemons zone.
2:15 of 1st period - Ville Koistinen is hit by Calvin de Haan.
2:25 of 1st period - Wrist shot by Barry Tallackson.
2:25 of 1st period - Stopped by David LeNeveu with a rebound.
2:27 of 1st period - Snap shot by Alyn McCauley.
2:27 of 1st period - Shot Blocked by Ryan Jones.
2:42 of 1st period - Penalty to Brendon Nash is over, Brendon Nash is back on ice.
2:49 of 1st period - Snap shot by Michael Kostka.
2:49 of 1st period - Shot Misses the Net.
2:51 of 1st period - Slapshot by Michael Kostka.
2:51 of 1st period - Shot Misses the Net.
2:53 of 1st period - Slapshot by Michael Kostka.
2:53 of 1st period - Shot Misses the Net.
5:11 of 1st period - Dave Dziurzynski is hit by Michael Haley and loses puck.
5:40 of 1st period - Matt Delahey is hit by Brendon Nash and loses puck.
6:27 of 1st period - Slapshot by Brock Bradford.
6:27 of 1st period - Shot Misses the Net.
6:43 of 1st period - Snap shot by Wayne Primeau.
6:43 of 1st period - Shot Blocked by Bryan Young.
6:45 of 1st period - Slapshot by Matt Hunwick.
6:45 of 1st period - Deflect By Alyn McCauley.
6:45 of 1st period - Shot Blocked by Bryan Young.
6:45 of 1st period - Puck is out of play.
6:46 of 1st period - Artem Anisimov wins face-off versus Shawn Matthias in Gangsters zone.
7:44 of 1st period - Icing by Brendon Nash.
7:45 of 1st period - Wayne Primeau wins face-off versus Artem Anisimov in Blackdemons zone.
7:54 of 1st period - Snap shot by Nick Foligno.
7:54 of 1st period - Deflect By Wayne Primeau.
7:54 of 1st period - Stopped by Martin Biron without a rebound.
7:55 of 1st period - Sam Gagner wins face-off versus Artem Anisimov in Blackdemons zone.
8:10 of 1st period - Wrist shot by Nick Foligno.
8:10 of 1st period - Shot Misses the Net.
8:12 of 1st period - Snap shot by Nick Foligno.
8:12 of 1st period - Stopped by Martin Biron with a rebound.
8:14 of 1st period - Wrist shot by Nick Foligno.
8:14 of 1st period - Stopped by Martin Biron without a rebound.
8:15 of 1st period - Chris Bourque wins face-off versus Shawn Matthias in Blackdemons zone.
8:37 of 1st period - Icing by Matt Irwin.
8:38 of 1st period - Shawn Matthias wins face-off versus Artem Anisimov in Blackdemons zone.
8:38 of 1st period - Shawn Matthias is hit by Nick Foligno.
8:46 of 1st period - Snap shot by Zach Boychuk.
8:46 of 1st period - Shot Blocked by Bryan Young.
8:48 of 1st period - Snap shot by Barry Tallackson.
8:48 of 1st period - Deflect By Sam Gagner.
8:48 of 1st period - Goal by Sam Gagner - Gangsters : 0 - Blackdemons : 1.
8:49 of 1st period - Sam Gagner wins face-off versus Alexandre Bolduc in neutral zone.
9:00 of 1st period - Wrist shot by Alexandre Bolduc.
9:00 of 1st period - Shot Misses the Net.
9:20 of 1st period - Snap shot by Mathieu Dandenault.
9:20 of 1st period - Shot Blocked by Bryan Young.
9:22 of 1st period - Backhand shot by Matt Irwin.
9:22 of 1st period - Deflect By Mathieu Dandenault.
9:22 of 1st period - Shot Misses the Net.
9:22 of 1st period - Puck is out of play.
9:23 of 1st period - Alyn McCauley wins face-off versus Alexandre Bolduc in Gangsters zone.
9:26 of 1st period - Slapshot by Wayne Primeau.
9:26 of 1st period - Stopped by David LeNeveu without a rebound.
9:27 of 1st period - Alexandre Bolduc wins face-off versus Wayne Primeau in Gangsters zone.
9:57 of 1st period - Icing by Colten Teubert.
9:58 of 1st period - Brock Bradford wins face-off versus Sam Gagner in Gangsters zone.
10:24 of 1st period - Gustav Nyquist is hit by Sam Gagner.
10:35 of 1st period - Double Minor Penalty to Dave Dziurzynski for Roughing.
10:36 of 1st period - Sam Gagner wins face-off versus Chris Bourque in Gangsters zone.
10:53 of 1st period - Off-side.
10:54 of 1st period - Shawn Matthias wins face-off versus Chris Bourque in neutral zone.
11:01 of 1st period - Slapshot by Michael Kostka.
11:01 of 1st period - Deflect By Shawn Matthias.
11:01 of 1st period - Shot Hit the Post.
11:01 of 1st period - Puck is out of play.
11:02 of 1st period - Shawn Matthias wins face-off versus Ryan Keller in Gangsters zone.
11:17 of 1st period - Wrist shot by Shawn Matthias.
11:17 of 1st period - Deflect By Zach Boychuk.
11:17 of 1st period - Shot Blocked by Ryan Keller.
11:17 of 1st period - Puck is out of play.
11:18 of 1st period - Chris Bourque wins face-off versus Sam Gagner in Gangsters zone.
11:31 of 1st period - Wrist shot by Ryan Keller.
11:31 of 1st period - Stopped by Martin Biron without a rebound.
11:32 of 1st period - Barry Tallackson wins face-off versus Chris Bourque in Blackdemons zone.
11:39 of 1st period - Slapshot by Michael Kostka.
11:39 of 1st period - Shot Misses the Net.
11:59 of 1st period - Bryan Young is hit by Michael Kostka and loses puck.
12:06 of 1st period - Wrist shot by Zach Boychuk.
12:06 of 1st period - Deflect By Alexandre Bolduc.
12:06 of 1st period - Shot Misses the Net.
12:06 of 1st period - Puck is out of play.
12:07 of 1st period - Chris Bourque wins face-off versus Shawn Matthias in Gangsters zone.
12:20 of 1st period - Brendon Nash is hit by Shaun Heska and loses puck.
12:55 of 1st period - Michael Kostka is hit by Ryan Keller.
13:37 of 1st period - Brendon Nash is hit by Nick Foligno and loses puck.
14:04 of 1st period - Bryan Young is hit by Brendon Nash and loses puck.
14:35 of 1st period - Penalty to Dave Dziurzynski is over, Dave Dziurzynski is back on ice.
14:47 of 1st period - Wrist shot by Chris Bourque.
14:47 of 1st period - Shot Blocked by Jakub Kindl.
14:49 of 1st period - Slapshot by Colten Teubert.
14:49 of 1st period - Stopped by Martin Biron without a rebound.
14:50 of 1st period - Nick Foligno wins face-off versus Steven Zalewski in Blackdemons zone.
15:03 of 1st period - Wrist shot by Ryan Jones.
15:03 of 1st period - Shot Misses the Net.
15:18 of 1st period - Slapshot by Brock Bradford.
15:18 of 1st period - Shot Misses the Net.
15:36 of 1st period - Michael Haley is hit by Ville Koistinen and loses puck.
15:48 of 1st period - Icing by Shawn Matthias.
15:49 of 1st period - Artem Anisimov wins face-off versus Mathieu Dandenault in Blackdemons zone.
16:00 of 1st period - Wrist shot by Artem Anisimov.
16:00 of 1st period - Stopped by Martin Biron without a rebound.
16:01 of 1st period - Alexandre Bolduc wins face-off versus Sam Gagner in Blackdemons zone.
16:02 of 1st period - Snap shot by Ryan Keller.
16:02 of 1st period - Shot Blocked by Brendon Nash.
16:04 of 1st period - Slapshot by Bryan Young.
16:04 of 1st period - Deflect By Brendon Nash.
16:04 of 1st period - Stopped by Martin Biron without a rebound.
16:05 of 1st period - Alexandre Bolduc wins face-off versus Sam Gagner in Blackdemons zone.
16:16 of 1st period - Slapshot by Alexandre Bolduc.
16:16 of 1st period - Shot Misses the Net.
16:18 of 1st period - Wrist shot by Chris Bourque.
16:18 of 1st period - Goal by Chris Bourque - Gangsters : 1 - Blackdemons : 1.
16:19 of 1st period - Ryan Keller wins face-off versus Sam Gagner in neutral zone.
16:22 of 1st period - Snap shot by Alexandre Bolduc.
16:22 of 1st period - Stopped by Martin Biron with a rebound.
16:48 of 1st period - Slapshot by Michael Kostka.
16:48 of 1st period - Shot Blocked by Ryan Keller.
16:50 of 1st period - Slapshot by Brendon Nash.
16:50 of 1st period - Stopped by David LeNeveu without a rebound.
16:51 of 1st period - Wayne Primeau wins face-off versus Artem Anisimov in Gangsters zone.
16:52 of 1st period - Wrist shot by Alyn McCauley.
16:52 of 1st period - Deflect By Wayne Primeau.
16:52 of 1st period - Stopped by David LeNeveu without a rebound.
16:53 of 1st period - Sam Gagner wins face-off versus Artem Anisimov in Gangsters zone.
17:02 of 1st period - Snap shot by Sam Gagner.
17:02 of 1st period - Shot Hit the Post.
17:43 of 1st period - Snap shot by Ryan Keller.
17:43 of 1st period - Shot Hit the Post.
17:45 of 1st period - Wrist shot by Ryan Keller.
17:45 of 1st period - Stopped by Martin Biron with a rebound.
17:47 of 1st period - Snap shot by Alexandre Bolduc.
17:47 of 1st period - Stopped by Martin Biron with a rebound.
17:49 of 1st period - Wrist shot by Chris Bourque.
17:49 of 1st period - Stopped by Martin Biron with a rebound.
17:51 of 1st period - Slapshot by Colten Teubert.
17:51 of 1st period - Stopped by Martin Biron with a rebound.
18:06 of 1st period - Snap shot by Mikko Lehtonen.
18:06 of 1st period - Shot Misses the Net.
18:40 of 1st period - Slapshot by Matt Irwin.
18:40 of 1st period - Shot Misses the Net.
19:35 of 1st period - Slapshot by Chris Bourque.
19:35 of 1st period - Stopped by Martin Biron with a rebound.
19:37 of 1st period - Wrist shot by Chris Bourque.
19:37 of 1st period - Shot Misses the Net.
19:39 of 1st period - Slapshot by Ville Koistinen.
19:39 of 1st period - Deflect By Zach Boychuk.
19:39 of 1st period - Stopped by Martin Biron with a rebound.
19:41 of 1st period - Slapshot by Ville Koistinen.
19:41 of 1st period - Shot Misses the Net.
19:43 of 1st period - Slapshot by Ryan Keller.
19:43 of 1st period - Shot Misses the Net.
19:55 of 1st period - Snap shot by Zach Boychuk.
19:55 of 1st period - Shot Misses the Net.
Goals for this period are 1 for Gangsters vs 1 for Blackdemons.
Shots for this period are 17 for Gangsters vs 5 for Blackdemons.
2nd period
0:01 of 2nd period - Sam Gagner wins face-off versus Alexandre Bolduc in neutral zone.
0:06 of 2nd period - Slapshot by Matt Irwin.
0:06 of 2nd period - Stopped by David LeNeveu without a rebound.
0:07 of 2nd period - Ryan Keller wins face-off versus Sam Gagner in Gangsters zone.
0:58 of 2nd period - Slapshot by Matt Hunwick.
0:58 of 2nd period - Shot Misses the Net.
1:00 of 2nd period - Snap shot by Matt Calvert.
1:00 of 2nd period - Stopped by David LeNeveu with a rebound.
1:02 of 2nd period - Slapshot by Matt Irwin.
1:02 of 2nd period - Shot Blocked by Shaun Heska.
1:04 of 2nd period - Slapshot by Matt Hunwick.
1:04 of 2nd period - Shot Blocked by Shaun Heska.
1:06 of 2nd period - Slapshot by Matt Irwin.
1:06 of 2nd period - Stopped by David LeNeveu without a rebound.
1:07 of 2nd period - Sam Gagner wins face-off versus Alexandre Bolduc in Gangsters zone.
1:10 of 2nd period - Snap shot by Barry Tallackson.
1:10 of 2nd period - Shot Misses the Net.
1:12 of 2nd period - Slapshot by Sam Gagner.
1:12 of 2nd period - Stopped by David LeNeveu without a rebound.
1:13 of 2nd period - Alexandre Bolduc wins face-off versus Sam Gagner in Gangsters zone.
1:51 of 2nd period - Ryan Keller is hit by Alyn McCauley and loses puck.
2:08 of 2nd period - Wrist shot by Nick Foligno.
2:08 of 2nd period - Goal by Nick Foligno - Gangsters : 2 - Blackdemons : 1.
2:09 of 2nd period - Artem Anisimov wins face-off versus Zach Boychuk in neutral zone.
2:18 of 2nd period - Snap shot by Sam Gagner.
2:18 of 2nd period - Stopped by David LeNeveu with a rebound.
4:00 of 2nd period - Icing by Shaun Heska.
4:01 of 2nd period - Luke Gazdic wins face-off versus Sam Gagner in Gangsters zone.
4:58 of 2nd period - Off-side.
4:59 of 2nd period - Sam Gagner wins face-off versus Alexandre Bolduc in neutral zone.
5:04 of 2nd period - Snap shot by Barry Tallackson.
5:04 of 2nd period - Stopped by David LeNeveu without a rebound.
5:05 of 2nd period - Sam Gagner wins face-off versus Alexandre Bolduc in Gangsters zone.
5:06 of 2nd period - Wrist shot by Barry Tallackson.
5:06 of 2nd period - Stopped by David LeNeveu with a rebound.
5:08 of 2nd period - Snap shot by Sam Gagner.
5:08 of 2nd period - Stopped by David LeNeveu with a rebound.
5:10 of 2nd period - Snap shot by Barry Tallackson.
5:10 of 2nd period - Goal by Barry Tallackson - Gangsters : 2 - Blackdemons : 2.
5:11 of 2nd period - Alexandre Bolduc wins face-off versus Sam Gagner in neutral zone.
5:25 of 2nd period - Matt Irwin is hit by Chris Bourque and loses puck.
5:32 of 2nd period - Minor Penalty to Ryan Keller for Roughing.
5:33 of 2nd period - Chris Bourque wins face-off versus Sam Gagner in Gangsters zone.
5:48 of 2nd period - Snap shot by Barry Tallackson.
5:48 of 2nd period - Stopped by David LeNeveu without a rebound.
5:49 of 2nd period - Sam Gagner wins face-off versus Chris Bourque in Gangsters zone.
5:54 of 2nd period - Snap shot by Barry Tallackson.
5:54 of 2nd period - Stopped by David LeNeveu with a rebound.
6:12 of 2nd period - Bryan Young is hit by Matt Calvert and loses puck.
7:32 of 2nd period - Penalty to Ryan Keller is over, Ryan Keller is back on ice.
8:14 of 2nd period - Slapshot by Nick Foligno.
8:14 of 2nd period - Stopped by Martin Biron with a rebound.
10:26 of 2nd period - Matt Delahey is hit by Shawn Matthias and loses puck.
10:56 of 2nd period - Wrist shot by Chris Bourque.
10:56 of 2nd period - Shot Misses the Net.
11:33 of 2nd period - Snap shot by Shawn Matthias.
11:33 of 2nd period - Stopped by David LeNeveu without a rebound.
11:34 of 2nd period - Shawn Matthias wins face-off versus Alexandre Bolduc in Gangsters zone.
11:41 of 2nd period - Snap shot by Chris Bourque.
11:41 of 2nd period - Deflect By Ryan Keller.
11:41 of 2nd period - Shot Blocked by Michael Haley.
11:41 of 2nd period - Puck is out of play.
11:42 of 2nd period - Sam Gagner wins face-off versus Alexandre Bolduc in Blackdemons zone.
11:55 of 2nd period - Snap shot by Barry Tallackson.
11:55 of 2nd period - Stopped by David LeNeveu with a rebound.
11:57 of 2nd period - Wrist shot by Barry Tallackson.
11:57 of 2nd period - Shot Misses the Net.
12:07 of 2nd period - Wrist shot by Wayne Primeau.
12:07 of 2nd period - Shot Hit the Post.
12:17 of 2nd period - Snap shot by Wayne Primeau.
12:17 of 2nd period - Stopped by David LeNeveu without a rebound.
12:18 of 2nd period - Artem Anisimov wins face-off versus Sam Gagner in Gangsters zone.
12:27 of 2nd period - Snap shot by Zach Boychuk.
12:27 of 2nd period - Stopped by David LeNeveu with a rebound.
12:31 of 2nd period - Snap shot by Barry Tallackson.
12:31 of 2nd period - Deflect By Zach Boychuk.
12:31 of 2nd period - Shot Misses the Net.
12:31 of 2nd period - Puck is out of play.
12:32 of 2nd period - Brock Bradford wins face-off versus Shawn Matthias in Gangsters zone.
12:47 of 2nd period - Wrist shot by Gustav Nyquist.
12:47 of 2nd period - Stopped by Martin Biron with a rebound.
12:57 of 2nd period - Michael Kostka is hit by Nick Foligno.
13:12 of 2nd period - Icing by Matt Hunwick.
13:13 of 2nd period - Alexandre Bolduc wins face-off versus Mathieu Dandenault in Blackdemons zone.
13:20 of 2nd period - Wrist shot by Alexandre Bolduc.
13:20 of 2nd period - Deflect By Chris Bourque.
13:20 of 2nd period - Shot Misses the Net.
13:20 of 2nd period - Puck is out of play.
13:21 of 2nd period - Alexandre Bolduc wins face-off versus Sam Gagner in Blackdemons zone.
13:22 of 2nd period - Backhand shot by Chris Bourque.
13:22 of 2nd period - Shot Misses the Net.
13:30 of 2nd period - Slapshot by Brendon Nash.
13:30 of 2nd period - Stopped by David LeNeveu without a rebound.
13:31 of 2nd period - Sam Gagner wins face-off versus Alexandre Bolduc in Gangsters zone.
14:21 of 2nd period - Shaun Heska is hit by Mathieu Dandenault and loses puck.
15:06 of 2nd period - Snap shot by Nick Foligno.
15:06 of 2nd period - Stopped by Martin Biron with a rebound.
15:26 of 2nd period - Snap shot by Mathieu Dandenault.
15:26 of 2nd period - Shot Misses the Net.
15:43 of 2nd period - Icing by Matt Delahey.
15:44 of 2nd period - Brock Bradford wins face-off versus Sam Gagner in Gangsters zone.
15:55 of 2nd period - Wrist shot by Gustav Nyquist.
15:55 of 2nd period - Stopped by Martin Biron without a rebound.
15:56 of 2nd period - Zach Boychuk wins face-off versus Alexandre Bolduc in Blackdemons zone.
15:56 of 2nd period - Zach Boychuk is hit by Chris Bourque.
16:08 of 2nd period - Wrist shot by Barry Tallackson.
16:08 of 2nd period - Shot Blocked by Ryan Keller.
16:19 of 2nd period - Icing by Matt Irwin.
16:20 of 2nd period - Sam Gagner wins face-off versus Artem Anisimov in Blackdemons zone.
16:27 of 2nd period - Snap shot by Mathieu Dandenault.
16:27 of 2nd period - Shot Blocked by Shaun Heska.
16:29 of 2nd period - Slapshot by Matt Irwin.
16:29 of 2nd period - Stopped by David LeNeveu without a rebound.
16:30 of 2nd period - Alexandre Bolduc wins face-off versus Shawn Matthias in Gangsters zone.
16:30 of 2nd period - Alexandre Bolduc is hit by Mathieu Dandenault.
16:33 of 2nd period - Icing by Ryan Keller.
16:34 of 2nd period - Alexandre Bolduc wins face-off versus Sam Gagner in Gangsters zone.
17:20 of 2nd period - Icing by Ville Koistinen.
17:21 of 2nd period - Steven Zalewski wins face-off versus Brock Bradford in Gangsters zone.
17:28 of 2nd period - Slapshot by Michael Kostka.
17:28 of 2nd period - Deflect By Luca Caputi.
17:28 of 2nd period - Shot Misses the Net.
17:28 of 2nd period - Puck is out of play.
17:29 of 2nd period - Ryan Keller wins face-off versus Sam Gagner in Gangsters zone.
17:29 of 2nd period - Ryan Keller is hit by Sam Gagner.
17:48 of 2nd period - Minor Penalty to Chris Bourque for Roughing.
17:49 of 2nd period - Sam Gagner wins face-off versus Brock Bradford in Gangsters zone.
17:49 of 2nd period - Snap shot by Barry Tallackson.
17:49 of 2nd period - Stopped by David LeNeveu without a rebound.
17:50 of 2nd period - Ryan Keller wins face-off versus Sam Gagner in Gangsters zone.
18:05 of 2nd period - Snap shot by Barry Tallackson.
18:05 of 2nd period - Shot Misses the Net.
18:15 of 2nd period - Ville Koistinen is hit by Michael Kostka and loses puck.
18:22 of 2nd period - Snap shot by Shawn Matthias.
18:22 of 2nd period - Stopped by David LeNeveu with a rebound.
18:24 of 2nd period - Snap shot by Shawn Matthias.
18:24 of 2nd period - Shot Blocked by Ville Koistinen.
19:48 of 2nd period - Penalty to Chris Bourque is over, Chris Bourque is back on ice.
Goals for this period are 1 for Gangsters vs 1 for Blackdemons.
Shots for this period are 5 for Gangsters vs 19 for Blackdemons.
3rd period
0:01 of 3rd period - Sam Gagner wins face-off versus Alexandre Bolduc in neutral zone.
0:25 of 3rd period - Brendon Nash is hit by Ryan Jones and loses puck.
0:38 of 3rd period - Snap shot by Artem Anisimov.
0:38 of 3rd period - Shot Misses the Net.
0:57 of 3rd period - Slapshot by Matt Hunwick.
0:57 of 3rd period - Shot Blocked by Shaun Heska.
1:19 of 3rd period - Matt Delahey is hit by Barry Tallackson and loses puck.
2:42 of 3rd period - Backhand shot by Barry Tallackson.
2:42 of 3rd period - Stopped by David LeNeveu without a rebound.
2:43 of 3rd period - Alexandre Bolduc wins face-off versus Mathieu Dandenault in Gangsters zone.
3:37 of 3rd period - Minor Penalty to Matt Calvert for Hooking.
3:38 of 3rd period - Alexandre Bolduc wins face-off versus Wayne Primeau in Blackdemons zone.
3:40 of 3rd period - Snap shot by Ryan Keller.
3:40 of 3rd period - Shot Misses the Net.
3:48 of 3rd period - Wrist shot by Wayne Primeau.
3:48 of 3rd period - Deflect By Mathieu Dandenault.
3:48 of 3rd period - Stopped by David LeNeveu with a rebound.
3:50 of 3rd period - Wrist shot by Mathieu Dandenault.
3:50 of 3rd period - Stopped by David LeNeveu without a rebound.
3:51 of 3rd period - Alexandre Bolduc wins face-off versus Wayne Primeau in Gangsters zone.
5:18 of 3rd period - Alexandre Bolduc is hit by Michael Haley.
5:37 of 3rd period - Penalty to Matt Calvert is over, Matt Calvert is back on ice.
5:48 of 3rd period - Zach Boychuk is hit by Dave Dziurzynski and loses puck.
5:53 of 3rd period - Wrist shot by Brock Bradford.
5:53 of 3rd period - Stopped by Martin Biron with a rebound.
6:05 of 3rd period - Snap shot by Mikko Lehtonen.
6:05 of 3rd period - Stopped by Martin Biron without a rebound.
6:06 of 3rd period - Maxime Sauvé wins face-off versus Steven Zalewski in Blackdemons zone.
6:11 of 3rd period - Slapshot by Maxime Sauvé.
6:11 of 3rd period - Stopped by Martin Biron with a rebound.
6:21 of 3rd period - Mikko Lehtonen is hit by Matt Hunwick and loses puck.
6:52 of 3rd period - Slapshot by Ville Koistinen.
6:52 of 3rd period - Deflect By Ryan Keller.
6:52 of 3rd period - Stopped by Martin Biron without a rebound.
6:53 of 3rd period - Alexandre Bolduc wins face-off versus Sam Gagner in Blackdemons zone.
6:54 of 3rd period - Snap shot by Chris Bourque.
6:54 of 3rd period - Deflect By Michael Kostka.
6:54 of 3rd period - Shot Blocked by Brendon Nash.
6:54 of 3rd period - Puck is out of play.
6:55 of 3rd period - Sam Gagner wins face-off versus Alexandre Bolduc in Blackdemons zone.
7:27 of 3rd period - Sam Gagner is hit by Colten Teubert and loses puck.
7:35 of 3rd period - Gustav Nyquist is hit by Barry Tallackson and loses puck.
7:48 of 3rd period - Snap shot by Barry Tallackson.
7:48 of 3rd period - Deflect By Zach Boychuk.
7:48 of 3rd period - Stopped by David LeNeveu with a rebound.
7:50 of 3rd period - Wrist shot by Zach Boychuk.
7:50 of 3rd period - Shot Misses the Net.
7:52 of 3rd period - Slapshot by Michael Kostka.
7:52 of 3rd period - Deflect By Sam Gagner.
7:52 of 3rd period - Stopped by David LeNeveu without a rebound.
7:53 of 3rd period - Shawn Matthias wins face-off versus Alexandre Bolduc in Gangsters zone.
8:03 of 3rd period - Off-side.
8:04 of 3rd period - Alexandre Bolduc wins face-off versus Shawn Matthias in neutral zone.
8:09 of 3rd period - Slapshot by Ville Koistinen.
8:09 of 3rd period - Stopped by Martin Biron with a rebound.
8:29 of 3rd period - Matt Hunwick is hit by Dave Dziurzynski and loses puck.
8:57 of 3rd period - Off-side.
8:58 of 3rd period - Alexandre Bolduc wins face-off versus Sam Gagner in neutral zone.
9:07 of 3rd period - Snap shot by Ryan Keller.
9:07 of 3rd period - Shot Misses the Net.
9:09 of 3rd period - Snap shot by Shaun Heska.
9:09 of 3rd period - Stopped by Martin Biron with a rebound.
9:11 of 3rd period - Slapshot by Colten Teubert.
9:11 of 3rd period - Deflect By Chris Bourque.
9:11 of 3rd period - Stopped by Martin Biron with a rebound.
9:13 of 3rd period - Slapshot by Colten Teubert.
9:13 of 3rd period - Shot Blocked by Brendon Nash.
10:05 of 3rd period - Wrist shot by Mikko Lehtonen.
10:05 of 3rd period - Shot Hit the Post.
10:07 of 3rd period - Slapshot by Matt Delahey.
10:07 of 3rd period - Shot Blocked by Matt Hunwick.
10:09 of 3rd period - Snap shot by Luke Gazdic.
10:09 of 3rd period - Deflect By Maxime Sauvé.
10:09 of 3rd period - Shot Misses the Net.
10:09 of 3rd period - Puck is out of play.
10:10 of 3rd period - Alexandre Bolduc wins face-off versus Sam Gagner in Blackdemons zone.
10:21 of 3rd period - Snap shot by Barry Tallackson.
10:21 of 3rd period - Goal by Barry Tallackson - Gangsters : 2 - Blackdemons : 3.
10:22 of 3rd period - Barry Tallackson wins face-off versus Alexandre Bolduc in neutral zone.
11:39 of 3rd period - Minor Penalty to Colten Teubert for Hooking.
11:40 of 3rd period - Chris Bourque wins face-off versus Barry Tallackson in Gangsters zone.
12:10 of 3rd period - Wrist shot by Zach Boychuk.
12:10 of 3rd period - Goal by Zach Boychuk - Gangsters : 2 - Blackdemons : 4.
12:11 of 3rd period - Sam Gagner wins face-off versus Alexandre Bolduc in neutral zone.
12:14 of 3rd period - Slapshot by Matt Hunwick.
12:14 of 3rd period - Shot Blocked by Ville Koistinen.
12:41 of 3rd period - Snap shot by Mathieu Dandenault.
12:41 of 3rd period - Stopped by David LeNeveu with a rebound.
12:43 of 3rd period - Wrist shot by Matt Irwin.
12:43 of 3rd period - Stopped by David LeNeveu with a rebound.
12:45 of 3rd period - Snap shot by Shawn Matthias.
12:45 of 3rd period - Shot Misses the Net.
13:03 of 3rd period - Snap shot by Gustav Nyquist.
13:03 of 3rd period - Stopped by Martin Biron with a rebound.
13:22 of 3rd period - Matt Delahey is hit by Michael Kostka and loses puck.
13:57 of 3rd period - Jakub Kindl is hit by Artem Anisimov and loses puck.
14:10 of 3rd period - Wrist shot by Nick Foligno.
14:10 of 3rd period - Shot Misses the Net.
14:30 of 3rd period - Wrist shot by Brock Bradford.
14:30 of 3rd period - Shot Misses the Net.
14:32 of 3rd period - Wrist shot by Dave Dziurzynski.
14:32 of 3rd period - Shot Misses the Net.
14:34 of 3rd period - Slapshot by Michael Sdao.
14:34 of 3rd period - Stopped by Martin Biron without a rebound.
14:35 of 3rd period - Sam Gagner wins face-off versus Alexandre Bolduc in Blackdemons zone.
14:37 of 3rd period - Icing by Zach Boychuk.
14:38 of 3rd period - Sam Gagner wins face-off versus Alexandre Bolduc in Blackdemons zone.
15:03 of 3rd period - Backhand shot by Matt Hunwick.
15:03 of 3rd period - Stopped by David LeNeveu without a rebound.
15:04 of 3rd period - Artem Anisimov wins face-off versus Shawn Matthias in Gangsters zone.
15:29 of 3rd period - Ville Koistinen is hit by Wayne Primeau and loses puck.
17:10 of 3rd period - Snap shot by Ryan Keller.
17:10 of 3rd period - Stopped by Martin Biron with a rebound.
17:34 of 3rd period - Ryan Jones is hit by Jakub Kindl and loses puck.
17:55 of 3rd period - Snap shot by Ville Koistinen.
17:55 of 3rd period - Shot Misses the Net.
18:15 of 3rd period - Snap shot by Gustav Nyquist.
18:15 of 3rd period - Shot Misses the Net.
18:17 of 3rd period - Backhand shot by Colten Teubert.
18:17 of 3rd period - Deflect By Brock Bradford.
18:17 of 3rd period - Stopped by Martin Biron with a rebound.
18:19 of 3rd period - Slapshot by Colten Teubert.
18:19 of 3rd period - Deflect By Brock Bradford.
18:19 of 3rd period - Stopped by Martin Biron without a rebound.
18:20 of 3rd period - Alexandre Bolduc wins face-off versus Sam Gagner in Blackdemons zone.
18:21 of 3rd period - Snap shot by Chris Bourque.
18:21 of 3rd period - Shot Misses the Net.
18:23 of 3rd period - Wrist shot by Alexandre Bolduc.
18:23 of 3rd period - Deflect By Ryan Keller.
18:23 of 3rd period - Stopped by Martin Biron without a rebound.
18:24 of 3rd period - Alexandre Bolduc wins face-off versus Sam Gagner in Blackdemons zone.
18:27 of 3rd period - Snap shot by Chris Bourque.
18:27 of 3rd period - Stopped by Martin Biron with a rebound.
18:31 of 3rd period - Snap shot by Ryan Keller.
18:31 of 3rd period - Shot Misses the Net.
18:40 of 3rd period - Minor Penalty to Zach Boychuk for Hooking.
18:41 of 3rd period - Alexandre Bolduc wins face-off versus Wayne Primeau in Blackdemons zone.
Goals for this period are 0 for Gangsters vs 2 for Blackdemons.
Shots for this period are 14 for Gangsters vs 10 for Blackdemons.
Output by the SimonT Hockey Simulator (STHS) for François Prévost -- Original Page W3C XHTML 1.0 Valid